 Dungeon Crawl Stone Soup version 0.30.1-9-gdf580d7c3d (webtiles) character file.

Game seed: 978977991986270511

355 monsoonserge the Shooter (level 6, -5/32 HPs)
             Began as a Spriggan Hunter on Oct 16, 2023.
             Was an Initiate of Okawaru.
             Killed from afar by an orc wizard (11 damage)
             ... with a puff of flame
             ... on level 5 of the Dungeon.
             The game lasted 00:09:24 (2970 turns).

monsoonserge the Shooter (Spriggan Hunter)          Turns: 2970, Time: 00:09:25

Health: -5/32      AC:  3    Str:  7    XL:     6   Next: 36%
Magic:  7/7        EV: 18    Int: 11    God:    Okawaru [......]
Gold:   133        SH:  5    Dex: 20    Spells: 5/5 levels left

rFire   . . .        a - +0 shortbow
rCold   . . .        (shield currently unavailable)
rNeg    . . .        c - +0 robe
rPois   .            (helmet restricted)
rElec   .            l - +0 cloak
rCorr   .            (gloves unavailable)
SInv    +            (boots unavailable)
Will    +....        r - amulet of reflection
Stlth   ++           (no ring)
HPRegen 0.25/turn    (no ring)
MPRegen 0.10/turn

%: reflection
@: very quick
A: very small, no large weapons, unfitting armour, see invisible, speed 3
a: Renounce Religion


You were on level 5 of the Dungeon.
You worshipped Okawaru.
Okawaru was noncommittal.
You visited 2 branches of the dungeon, and saw 6 of its levels.
You also visited: Sewer.

You collected 133 gold pieces.

Inventory:

Hand Weapons
 a - a +0 shortbow (weapon)
 t - a +0 sling
Missiles
 u - 4 poisoned darts
Armour
 c - a +0 robe (worn)
 l - a +0 cloak (worn)
Jewellery
 r - an amulet of reflection (around neck)
Scrolls
 b - a scroll of immolation
 d - 2 scrolls of teleportation {unknown}
 e - a scroll of butterflies {unknown}
 f - 2 scrolls of identify {unknown}
 h - a scroll of fog {unknown}
 i - a scroll of noise {unknown}
 j - 4 scrolls of blinking {unknown}
 v - a scroll of fear {unknown}
 w - a scroll of enchant armour {unknown}
 x - a scroll of enchant weapon {unknown}
Potions
 g - a potion of lignification {unknown}
 k - 4 potions of attraction {unknown}
 m - a potion of haste {unknown}
 n - 3 potions of might {unknown}
 o - a potion of heal wounds {unknown}
 p - a potion of mutation {unknown}
 q - a potion of cancellation {unknown}
 s - 2 potions of curing {unknown}


   Skills:
 + Level 2.7 Fighting
 + Level 7.0 Ranged Weapons
 + Level 3.3 Dodging
 + Level 1.9 Stealth


You had 5 spell levels left.
You didn't know any spells.
Your spell library contained the following spells:

 Spells                   Type           Power      Damage    Failure   Level
 Ozocubu's Armour         Ice            0%         N/A       71%         3
 Ozocubu's Refrigeration  Ice            0%         4d7       100%        7


Dungeon Overview and Level Annotations

Branches:
Dungeon (5/15)             Temple (1/1) D:4           Sewer (visited)

Altars:
Ashenzari
Cheibriados
Dithmenos
Elyvilon
Fedhas
Kikubaaqudgha
Makhleb
Nemelex Xobeh
Okawaru
Qazlal
Ru
Uskayaw
Vehumet
Wu Jian
Xom
Yredelemnul
The Shining One

Annotations:
D:2 Sigmund
D:4 Ijyb, Menkaure


Innate Abilities, Weirdness & Mutations

You are very small and have problems with some larger weapons.
You are too small for most types of armour.
You have supernaturally acute eyesight. (SInv)
You cover ground extremely quickly. (Speed+++)


Message History

Okawaru accepts your kill.
Things that are here:
a +3 hand axe; 2 boomerangs; a +0 ring mail
Things that are here:
a +0 dagger; a +0 robe
Things that are here:
a +3 hand axe; 2 boomerangs; a +0 ring mail
x - a scroll labelled BAFRUL JEXAHAJ
There are no items here.
You start resting.
An orc wizard comes into view. It is wielding a +0 dagger.
You shoot an arrow. The arrow barely misses the orc wizard.
The orc wizard shouts!
Unknown command.
You shoot an arrow. The arrow hits the orc wizard.
The orc wizard is heavily wounded.
The orc wizard drinks a potion.
The orc wizard flickers and vanishes for a moment.
You shoot an arrow. The arrow hits the orc wizard.
The orc wizard is heavily wounded.
You shoot an arrow.
The arrow closely misses the orc wizard.
You shoot an arrow. The orc shouts!
The arrow hits the orc wizard.
The orc wizard is almost dead.
The orc wizard points at you and mumbles some strange words.
The puff of flame hits you!
* * * LOW HITPOINT WARNING * * *
You are too injured to fight recklessly!
You start resting.
An orc wizard is nearby!
Fire: a) +0 shortbow
Press: ? - help, Q - select action, (/) - cycle Shift-Dir - straight line, f/p - orc wizard
Aim: an orc wizard, wielding a +0 dagger and wearing a +0 robe (almost dead, slightly transparent, 60% to hit)
You shoot an arrow.
The arrow closely misses the orc wizard.
The orc wizard casts a spell at you. The puff of flame hits you!
You die...

###### #....# #####
#)...# #@..# ##)...#
##...#
######o....####....#
..............o....#
..<........#####...#
.).........# #####
=......#####
.......# ####.###


You could see an orc wizard (invisible).

Vanquished Creatures
  A scorpion (D:4)
  3 orc wizards
  4 gnolls (D:3)
  7 adders
  A worm (D:3)
  4 dart slugs
  7 orcs
  6 ball pythons
  7 endoplasms
  7 giant cockroaches
  9 goblins
  5 hobgoblins
  4 jackals
  19 kobolds
  5 quokkas
  6 bats
  6 frilled lizards
  8 rats
109 creatures vanquished.

Notes
Turn   | Place    | Note
-------+----------+-------------------------------------------
     0 | D:1      | monsoonserge the Spriggan Hunter began the quest for the
                  | Orb.
     0 | D:1      | Reached XP level 1. HP: 10/10 MP: 2/2
   101 | D:1      | Reached XP level 2. HP: 14/14 MP: 3/3
   624 | D:1      | Reached XP level 3. HP: 18/18 MP: 4/4
   695 | D:2      | Noticed Sigmund
   768 | D:2      | Reached skill level 5 in Ranged Weapons
  1009 | D:3      | Reached XP level 4. HP: 20/23 MP: 5/5
  1067 | D:3      | Found a glowing drain.
  1095 | Sewer    | Entered a sewer
  1480 | D:3      | Reached skill level 6 in Ranged Weapons
  1480 | D:3      | Reached XP level 5. HP: 24/26 MP: 6/6
  1777 | D:3      | Found a faded altar of an unknown god.
  1920 | D:3      | Found a hide-covered altar of Uskayaw.
  1922 | D:3      | Found a sacrificial altar of Ru.
  1923 | D:3      | Found an ancient bone altar of Kikubaaqudgha.
  1923 | D:3      | Found a basalt altar of Yredelemnul.
  1923 | D:3      | Found a glowing golden altar of the Shining One.
  1924 | D:3      | Found a shadowy altar of Dithmenos.
  1925 | D:3      | Found a burning altar of Makhleb.
  2113 | D:4      | Noticed Ijyb
  2223 | D:4      | Noticed an orc warrior
  2372 | D:4      | Found a staircase to the Ecumenical Temple.
  2380 | Temple   | Entered the Ecumenical Temple
  2603 | Temple   | Became a worshipper of Warmaster Okawaru
  2664 | D:4      | Noticed Menkaure
  2728 | D:5      | Entered Level 5 of the Dungeon
  2760 | D:4      | Reached XP level 6. HP: 32/32 MP: 7/7
  2927 | D:5      | Reached skill level 7 in Ranged Weapons
  2970 | D:5      | Killed from afar by an orc wizard

Illustrated notes

Levels and vault maps discovered:
D:1:      heliophobic_arrival_enchanted_forest, layout_basic
D:2:      layout_loops_ring, uniq_crazy_yiuf_cottage, uniq_sigmund
D:3:      layout_rooms, grunt_temple_overflow_open, gup_sewer_entry_pipe,
          dreamdust_ecumenical_altar_angels_and_demons,
          minmay_fractal_squares_diagonal_5
D:4:      layout_rooms, led_sif_pool, minmay_temple_entry_hall, uniq_ijyb,
          uniq_menkaure, uniq_duvessa
D:5:      layout_rooms
Temple:   jpeg_temple_alley_garden

Skill      XL: |  1  2  3  4  5  6 |
---------------+-------------------+-----
Dodging        | 3 |  3.3
Ranged Weapons | 5 6 7 |  7.0
Fighting       | 2 |  2.7
Stealth        | |  1.9

Action                     |  1- 3 |  4- 6 || total
---------------------------+-------+-------++-------
   Fire: Shortbow          |    80 |   220 ||   300
 Armour: Robe              |     6 |     8 ||    14
  Dodge: Dodged            |    33 |    69 ||   102
  Block: Other             |       |    11 ||    11
         Reflection        |       |     2 ||     2
